 Dungeon Crawl Stone Soup version bcrawl-1.21.3-16-g7f46a08de7 (webtiles) character file.

Game seed: 12940098850491654296

93207 MisterOstroum the Thaumaturge (level 15, -3/115 HPs)
             Began as a Mummy Fire Elementalist on Apr 25, 2020.
             Was the Champion of Makhleb.
             Slain by a spriggan
             ... wielding a +0 rapier
              (9 damage)
             ... on level 1 of the Swamp on May 3, 2020.
             The game lasted 02:05:19 (39897 turns).

MisterOstroum the Thaumaturge (MuFE)               Turns: 39897, Time: 02:05:20

Health: -3/115     AC: 12    Str: 10 (11) XL:     15   Next: 60%
Magic:  30/30      EV: 15    Int: 24      God:    Makhleb [******]
Gold:   2062       SH:  5    Dex: 12      Spells: 4/36 levels left

rFire    . . .     SeeInvis .   a - +1 short sword (elec)
rCold    + . .     Gourm    .   E - +0 buckler
rNeg     + + +     Faith    .   l - +2 robe {rF+}
rPois    ∞         Spirit   .   J - +2 hat
rElec    .         Reflect  .   h - +2 cloak {rPois}
rCorr    .         Harm     .   o - +2 pair of gloves
MR       ++...     Clarity  +   (no boots)
Stlth    +++.......             (no amulet)
HPRegen  0.29/turn              f - +2 ring of intelligence
MPRegen  0.22/turn              j - ring of protection from magic

@: no status effects
A: no food or potions, fire vulnerability, clarity, cold resistance 1, negative
energy resistance 3, torment resistance, unbreathing, in touch with death 1
a: Minor Destruction, Lesser Servant of Makhleb, Major Destruction, Greater
Servant of Makhleb, Renounce Religion


You were on level 1 of the Swamp.
You worshipped Makhleb.
Makhleb was exalted by your worship.
You were not hungry.

You visited 6 branches of the dungeon, and saw 22 of its levels.
You also visited: Ice Cave.

You collected 2286 gold pieces.
You spent 224 gold pieces at shops.

Inventory:

Hand Weapons
 a - a +1 short sword of electrocution (weapon)
 b - a +0 blowgun
 d - a +0 dagger
 p - a +3 rapier
 M - a +2 war axe of flaming
Missiles
 c - 3720 stones
 x - 144 exploding tomahawks
 B - 543 poisoned needles
 D - 248 tomahawks (quivered)
 L - 87 steel javelins
 N - 15 curare-tipped needles
 S - 297 bolts
 W - 2 throwing nets {!f!f}
Armour
 h - a +2 cloak of poison resistance (worn)
 l - a +2 robe of fire resistance (worn)
 o - a +2 pair of gloves (worn)
 E - a +0 buckler (worn)
 J - a +2 hat (worn)
 O - +0 acid dragon scales
Jewellery
 f - a +2 ring of intelligence (left hand)
 j - a ring of protection from magic (right hand)
 m - an uncursed ring of see invisible
 w - an uncursed ring of protection from cold
 P - an uncursed ring of insulation
Wands
 e - a wand of disintegration (13)
 i - a wand of iceblast (16)
 r - a wand of paralysis (17)
 A - a wand of enslavement (9)
 F - a wand of digging (8)
 G - a wand of acid (1)
 H - a wand of flame (17)
 K - a wand of random effects (7)
 R - a wand of scattershot (5)
Scrolls
 g - 4 scrolls of identify {@r1}
 k - 8 scrolls of teleportation {@r3 !r}
 n - 4 scrolls of enchant weapon
 q - 8 scrolls of enchant armour
 t - 4 scrolls of remove curse {@r2}
 u - 5 scrolls of fear {!r}
 v - 3 scrolls of magic mapping {@r5 !r}
 y - a scroll of acquirement
 z - 6 scrolls of blinking {@r4}
 C - 4 scrolls of amnesia
 I - 5 scrolls of immolation
 Q - a scroll of summoning
 V - a scroll of fog {unknown}
Miscellaneous
 s - a fan of gales
 T - a lamp of fire
 U - a box of beasts


   Skills:
 - Level 10.0 Fighting
 - Level 2.1 Short Blades
 + Level 2.7 Armour
 + Level 6.2 Dodging
 + Level 7.2 Stealth
 - Level 4.2 Shields
 * Level 11.1 Spellcasting
 - Level 9.0 Conjurations
 - Level 4.0 Summonings
 - Level 10.5 Necromancy
 - Level 3.0 Translocations
 - Level 7.7 Fire Magic
 - Level 4.0 Air Magic
 + Level 7.2 Invocations
 - Level 7.0 Evocations


You had 4 spell levels left.
You knew the following spells:

 Your Spells              Type           Power        Failure   Level  Hunger
a - Flame Tongue          Conj/Fire      #####        1%          1    N/A
b - Vampiric Draining     Necr           #######...   1%          3    N/A
c - Bolt of Draining      Conj/Necr      ######....   2%          5    N/A
d - Sticky Flame          Conj/Fire      ######..     1%          4    N/A
e - Summon Lightning Spi  Summ/Air       ####....     24%         5    N/A
f - Conjure Flame         Conj/Fire      ######..     1%          3    N/A
g - Fireball              Conj/Fire      ######....   4%          5    N/A
r - Corpse Rot            Necr           N/A          1%          2    N/A
B - Blink                 Tloc           N/A          1%          2    N/A
Z - Flaming Arrows        Chrm/Fire      ####....     1%          2    N/A

Your spell library contained the following spells:

 Spells                   Type           Power        Failure   Level  Hunger
 Animate Skeleton         Necr           N/A          1%          1    N/A
 Magic Dart               Conj           ####         1%          1    N/A
 Pain                     Necr           ######       1%          1    N/A
 Summon Small Mammal      Summ           ####         1%          1    N/A
 Call Imp                 Summ           ####..       1%          2    N/A
 Animate Dead             Necr           N/A          1%          4    N/A
 Call Canine Familiar     Summ           ####....     2%          3    N/A
 Dazzling Spray           Conj/Hex       #####.       2%          3    N/A
 Inner Flame              Hex/Fire       N/A          2%          3    N/A
 Mephitic Cloud           Conj/Pois/Air  ####....     2%          3    N/A
 Stone Arrow              Conj/Erth      #####.       2%          3    N/A
 Sandblast                Erth           ##....       4%          1    N/A
 Passwall                 Tmut/Erth      ##......     7%          2    N/A
 Confuse                  Hex            ##......     14%         3    N/A
 Summon Ice Beast         Ice/Summ       ###.....     21%         4    N/A
 Cause Fear               Hex            ##........   43%         4    N/A
 Petrify                  Tmut/Erth      ##......     43%         4    N/A
 Yara's Violent Unravell  Hex/Tmut       ##........   43%         4    N/A
 Agony                    Necr           #######.     1%          5    N/A
 Bolt of Fire             Conj/Fire      ######....   22%         6    N/A
 Death Channel            Chrm/Necr      ######....   63%         6    N/A
 Lee's Rapid Deconstruct  Erth           ##........   78%         5    N/A
 Metabolic Englaciation   Hex/Ice        ##........   78%         5    N/A
 Steam Barrier            Chrm/Fire      ####......   82%         6    N/A
 Mana Rupture             Conj/Hex       #####.....   99%         7    N/A
 Dragon's Call            Summ           ####......   100%        9    N/A
 Fire Storm               Conj/Fire      ######....   100%        9    N/A
 Regeneration             Chrm/Necr      Unusable     N/A         3    N/A
 Spider Form              Tmut/Pois      Unusable     N/A         3    N/A
 Tree Form                Hex/Tmut       Unusable     N/A         4    N/A
 Statue Form              Tmut/Erth      Unusable     N/A         6    N/A
 Dragon Form              Tmut           Unusable     N/A         7    N/A
 Necromutation            Tmut/Necr      Unusable     N/A         8    N/A

Dungeon Overview and Level Annotations

Branches:
Dungeon (12/12)            Temple (1/1) D:4            Lair (5/6) D:9
  Swamp (1/3) Lair:4       Spider (2/3) Lair:4        Slime (0/5) Lair:5
    Orc (1/1) D:11            Elf (0/3) Orc          Vaults (0/3) D:11
 Depths (0/5) D:12

Altars:
Ashenzari
Cheibriados
Dithmenos
Elyvilon
Fedhas
Gozag
Hepliaklqana
Kikubaaqudgha
Lugonu
Makhleb
Nemelex Xobeh
Okawaru
Qazlal
Ru
Sif Muna
Uskayaw
Vehumet
Wu Jian
Xom
Yredelemnul
Zin
The Shining One
Jiyva

Shops:
D:8 }   D:11 (   Orc [}*??

Annotations:
D:3 Quickbrownfox's ghost, amateur DsAc
Lair:2 exclusions: fire elemental and lava snake
Swamp:1 Donald Orc 2 transporters, Goboxel's ghost, journeyman MiFi


Innate Abilities, Weirdness & Mutations

You do not eat or drink.
Your flesh is vulnerable to fire.
You are immune to poison.
You possess an exceptional clarity of mind.
Your flesh is cold resistant. (rC+)
You are immune to negative energy. (rN+++)
You are immune to unholy pain and torment.
You can survive without breathing.
You are in touch with the powers of death.


Message History

The spriggan hits you but does no damage.
The alligator bites you! The alligator misses you.
You block the cane toad's attack.
You climb upwards.
Welcome back to the Lair of Beasts!
There is a staircase to the Swamp here.
You see here the +1 robe of Happiness {Slay+5}.
Casting: Bolt of Draining (safe; 2% risk of failure)
Confirm with . or Enter, or press ? or * to list all spells.
You blink.
Casting: Blink (safe; 1% risk of failure)
Confirm with . or Enter, or press ? or * to list all spells.
Aiming: Flame Tongue (safe; 1% risk of failure)
Press: ? - help, Shift-Dir - straight line, f - cane toad
Aim: a cane toad (thin mist)
Okay, then.
Unknown command.
Okay, then.
Unknown command.
Unknown command.
Casting: Flame Tongue (safe; 1% risk of failure)
Confirm with . or Enter, or press ? or * to list all spells.
Aiming: Sticky Flame (safe; 1% risk of failure)
Press: ? - help, Shift-Dir - straight line, f - cane toad
Aim: a cane toad (thin mist)
The sticky flame hits the cane toad.
The cane toad is lightly wounded.
The cane toad is covered in liquid flames!
The cane toad burns!
The cane toad hits you!!
Casting: Sticky Flame (safe; 1% risk of failure)
Confirm with . or Enter, or press ? or * to list all spells.
Aiming: Vampiric Draining (safe; 1% risk of failure)
Press: ? - help, Shift-Dir - straight line, f/p - cane toad
Aim: a cane toad (thin mist, moderately wounded, covered in liquid flames)
You feel a surge of power!
The cane toad is almost dead.
You feel life coursing into your body.
The cane toad burns!
You kill the cane toad!
Makhleb accepts your kill. You block the cane toad's attack.
Casting: Vampiric Draining (safe; 1% risk of failure)
Confirm with . or Enter, or press ? or * to list all spells.
Aiming: Vampiric Draining (safe; 1% risk of failure)
Press: ? - help, Shift-Dir - straight line, f - cane toad
Aim: a cane toad (thin mist)
You feel a surge of power!
You kill the cane toad!
Makhleb accepts your kill.
You feel better.
You feel life coursing into your body.
Casting: Vampiric Draining (safe; 1% risk of failure)
Confirm with . or Enter, or press ? or * to list all spells.
Aiming: Vampiric Draining (safe; 1% risk of failure)
Press: ? - help, Shift-Dir - straight line, f - spriggan
Aim: a spriggan, wielding a +0 short sword and wearing a +0 robe You feel a surge of power!
You kill the spriggan!
Makhleb accepts your kill.
You feel better.
You feel life coursing into your body.
Casting: Vampiric Draining (safe; 1% risk of failure)
Confirm with . or Enter, or press ? or * to list all spells.
Okay, then.
Items here: ) [ †† a +0 short sword; a +0 robe; a spriggan corpse; a cane toad corpse You can't eat.
You enter the shallow water.
Moving in this stuff is going to be slow.
There is a staircase to the Swamp here.
You see here the +1 robe of Happiness {Slay+5}.
You start resting.
HP restored.
Magic restored.
You start resting.
Magic restored.
You climb downwards.
Welcome back to the Swamp!
This branch contains the decaying rune of Zot.
Level annotation: Donald The alligator bites you.
The alligator tail-slaps you.
The spriggan rider hits you from afar with a +0 spear!!
The alligator closely misses you. The alligator barely misses you.
The alligator bites you!!
The alligator tail-slaps you but does no damage.
Donald gestures wildly while chanting.
Donald seems to speed up.
The spriggan hits you with a +0 rapier! The alligator bites you.
The alligator tail-slaps you but does no damage.
The alligator bites you!!
* * * LOW HITPOINT WARNING * * *
The alligator closely misses you.
A spriggan comes into view. It is wielding a +0 short sword.
The spriggan rider hits you from afar with a +0 spear.
* * * LOW HITPOINT WARNING * * *
The alligator closely misses you. x2
There is a staircase back to the Lair here.
The alligator bites you!
* * * LOW HITPOINT WARNING * * *
The alligator tail-slaps you.
* * * LOW HITPOINT WARNING * * *
The alligator closely misses you. The alligator tail-slaps you.
* * * LOW HITPOINT WARNING * * *
The spriggan hits you with a +0 rapier!
You die...

...≈... ♣.≈≈.≈≈
♣♣.≈..♣♣..≈≈.≈≈
♣♣....?♣≈≈≈≈≈.≈≈
♣♣♣≈...≈....≈♣≈>≈≈
♣≈≈≈...♣≈.n.≈≈.≈≈≈
≈≈....≈≈@♣..≈≈..≈
♣.♣..w)[f≈≈≈≈♣..
♣♣titi≈≈♣≈.♣ ♣
♣♣@≈.♣≈≈≈.♣
♣t≈).≈≈≈.♣
♣i♣≈≈≈.≈...
.≈.≈≈≈.≈.≈≈
♣.♣.....≈≈≈≈ ..
≈≈.≈≈≈. ..i
≈.....≈ ≈≈≈
≈.≈≈≈.♣ ≈♣≈.
♣.♣≈≈≈


You could see a shambling mangrove, Donald, 3 alligators, a spriggan rider, a
spriggan druid, a bog body, a swamp worm and 2 spriggans.

Vanquished Creatures
  A thorn hunter (Lair:4)
  Louise (Swamp:1)
  An emperor scorpion (Spider:2)
  An ironheart preserver (D:11)
  An entropy weaver (Spider:1)
  Erolcha (D:9)
  4 hydras
  A centaur warrior (D:12)
  2 catoblepae (Lair:4)
  9 two-headed ogres
  A death knight (D:12)
  An ogre mage (D:12)
  4 orc high priests (Orc)
  Sonja (Lair:1)
  Urug (Lair:1)
  An unseen horror (D:11)
  A swamp dragon (Lair:4)
  A cyclops (D:10)
  7 orb spiders
  6 ugly things
  3 orc sorcerers (Orc)
  A salamander (D:12)
  12 wolf spiders
  5 manticores
  11 elephants
  Maurice (D:8)
  Joseph (D:7)
  A gargoyle (D:12)
  An eye of devastation (Lair:5)
  8 cane toads
  2 rime drakes (Lair:5)
  6 komodo dragons
  A tengu conjurer (D:11)
  3 polar bears
  A demonic crawler (Spider:2)
  A queen bee (shapeshifter) (D:12)
  22 jumping spiders
  4 trolls
  A hornet (Swamp:1)
  A tyrant leech (Lair:4)
  6 slime creatures
  11 hippogriffs
  22 blink frogs
  7 dream sheep (Lair:3)
  30 redbacks
  21 yaks
  A vampire (D:9)
  3 shadows
  2 wyverns
  3 fire bats (Lair:1)
  A spriggan (Lair:4)
  12 tarantellas
  3 basilisks
  Grum (D:9)
  Edmund (D:4)
  A swamp worm (Lair:4)
  9 crocodiles
  A soldier ant (D:11)
  4 acid dragons
  7 water moccasins
  14 orc warriors
  7 porcupines
  4 phantoms
  2 sky beasts
  13 ice beasts
  19 ogres
  2 eyes of draining
  9 wolves
  7 centaurs
  10 bullfrogs
  2 big kobolds
  3 gnoll sergeants (D:7)
  5 scorpions
  7 wights
  An electric eel (Lair:2)
  6 crimson imps
  3 centaur zombies
  10 centaur skeletons
  16 hounds
  4 jellies
  25 orc priests
  2 bullfrog skeletons (D:5)
  2 gnoll shamans
  34 orc wizards
  Crazy Yiuf (D:6)
  10 iguanas
  10 worker ants
  A hound zombie (D:6)
  A howler monkey zombie (D:6)
  30 gnolls
  16 adders
  A shadow imp (D:6)
  4 oozes
  4 adder skeletons
  2 worms (D:2)
  2 dart slugs
  5 leopard geckos
  50 orcs
  5 bats
  5 giant cockroaches
  10 goblins
  10 hobgoblins
  17 jackals
  19 kobolds
  3 quokkas
  A ball python (D:3)
  A frilled lizard (D:3)
  A jackal zombie (D:9)
  6 rats
  2 bushes (Lair:3)
  A fungus (Lair:3)
  18 plants (Lair:3)
721 creatures vanquished.

Vanquished Creatures (collateral kills)
  2 orb spiders
  A wolf spider (Spider:1)
  3 demonic crawlers
  3 jumping spiders
  5 redbacks
  A spriggan (Swamp:1)
  2 tarantellas (Spider:1)
17 creatures vanquished.

Vanquished Creatures (others)
  A jumping spider (Lair:4)
  12 fungi
  11 plants
24 creatures vanquished.

Grand Total: 762 creatures vanquished

Notes
Turn   | Place    | Note
-------+----------+-------------------------------------------
     0 | D:1      | MisterOstroum the Mummy Fire Elementalist began the quest
                  | for the Orb.
     0 | D:1      | Reached XP level 1. HP: 13/13 MP: 4/4
   171 | D:1      | Reached skill level 1 in Fighting
   456 | D:1      | Reached XP level 2. HP: 18/21 MP: 2/5
   843 | D:1      | Reached skill level 3 in Spellcasting
   871 | D:1      | Reached skill level 1 in Conjurations
  1482 | D:1      | Reached XP level 3. HP: 13/26 MP: 3/7
  1883 | D:1      | Learned a level 3 spell: Conjure Flame
  2315 | D:2      | Reached XP level 4. HP: 32/32 MP: 4/8
  2809 | D:2      | Found a burning altar of Makhleb.
  2821 | D:2      | Reached skill level 1 in Short Blades
  2830 | D:2      | Became a worshipper of Makhleb the Destroyer
  3382 | D:2      | Reached XP level 5. HP: 2/37 MP: 3/9
  3820 | D:3      | Found a transporter.
  3820 | D:3      | Noticed Quickbrownfox's ghost (amateur DsAc)
  3826 | D:3      | Found a blossoming altar of Fedhas.
  3826 | D:3      | Found a glowing golden altar of the Shining One.
  3937 | D:3      | Found a transporter.
  4351 | D:3      | Learned a level 2 spell: Blink
  4474 | D:3      | Reached * piety under Makhleb
  4679 | D:3      | Found a hazy altar of Hepliaklqana.
  5245 | D:4      | Found a staircase to the Ecumenical Temple.
  5258 | Temple   | Entered the Ecumenical Temple
  5494 | Temple   | Upgraded the game from bcrawl-1.21.3-2-g9d8a61a446 to
                  | bcrawl-1.21.3-16-g7f46a08de7
  5659 | D:4      | Found a hide-covered altar of Uskayaw.
  5666 | D:4      | Noticed a +0 dagger
  5667 | D:4      | Noticed a +0 dagger
  5676 | D:4      | Reached XP level 6. HP: 42/44 MP: 10/10
  5732 | D:4      | Reached skill level 4 in Spellcasting
  5835 | D:4      | Found a shadowy altar of Dithmenos.
  5865 | D:4      | Reached XP level 7. HP: 51/51 MP: 11/14
  6105 | D:4      | Noticed Edmund
  6131 | D:4      | Reached skill level 5 in Spellcasting
  6292 | D:4      | Killed Edmund
  6827 | D:5      | Entered Level 5 of the Dungeon
  6835 | D:5      | Reached XP level 8. HP: 57/57 MP: 4/16
  7168 | D:5      | Found a snail-covered altar of Cheibriados.
  7168 | D:5      | Found a shattered altar of Ashenzari.
  7427 | D:5      | Reached ** piety under Makhleb
  7642 | D:5      | Noticed a two-headed ogre
  7658 | D:5      | Killed a two-headed ogre
  7658 | D:5      | Reached skill level 5 in Conjurations
  7658 | D:5      | Reached skill level 5 in Fire Magic
  7658 | D:5      | Reached XP level 9. HP: 65/65 MP: 2/17
  7666 | D:5      | Learned a level 5 spell: Fireball
  7671 | D:5      | Learned a level 4 spell: Sticky Flame
  7769 | D:5      | Found an iron altar of Okawaru.
  7963 | D:5      | Found a sparkling altar of Nemelex Xobeh.
  7971 | D:5      | Reached skill level 5 in Fighting
  8706 | D:6      | Found an opulent altar of Gozag.
  8952 | D:6      | Reached skill level 6 in Spellcasting
  9122 | D:6      | Reached *** piety under Makhleb
  9606 | D:6      | Found a runed door.
  9923 | D:6      | Noticed Crazy Yiuf
  9928 | D:6      | Killed Crazy Yiuf
 10400 | D:7      | Noticed Joseph
 10413 | D:7      | Killed Joseph
 10413 | D:7      | Reached XP level 10. HP: 45/76 MP: 0/20
 10662 | D:7      | Found a corrupted altar of Lugonu.
 10670 | D:7      | Noticed a two-headed ogre
 10734 | D:7      | Killed a two-headed ogre
 10842 | D:7      | Reached skill level 7 in Spellcasting
 10861 | D:7      | Reached **** piety under Makhleb
 10865 | D:7      | Learned a level 2 spell: Flaming Arrows
 11459 | D:7      | Reached skill level 1 in Translocations
 12102 | D:7      | Reached skill level 1 in Shields
 12649 | D:8      | Noticed Maurice
 12660 | D:8      | Killed Maurice
 12660 | D:8      | Reached skill level 8 in Spellcasting
 12765 | D:8      | Noticed a two-headed ogre
 12814 | D:8      | Killed a two-headed ogre
 12980 | D:8      | Paralysed by a big kobold for 2 turns
 13310 | D:8      | Reached skill level 1 in Evocations
 13371 | D:8      | Reached XP level 11. HP: 81/81 MP: 18/23
 13621 | D:8      | Found Anamoh's Gadget Shoppe.
 13795 | D:8      | Noticed a cyan ugly thing
 13815 | D:8      | Killed a cyan ugly thing
 13815 | D:8      | Reached skill level 1 in Invocations
 14506 | D:8      | Found a white marble altar of Elyvilon.
 14521 | D:8      | Found an opulent altar of Gozag.
 14822 | D:9      | Noticed Erolcha
 14899 | D:9      | Found a staircase to the Lair.
 15260 | D:9      | Noticed Grum
 15261 | D:9      | Found a glowing silver altar of Zin.
 15264 | D:9      | Killed Grum
 15420 | D:9      | Found an iron altar of Okawaru.
 15504 | D:9      | Noticed a four-headed hydra
 15532 | D:9      | Killed a four-headed hydra
 15616 | D:9      | Reached ***** piety under Makhleb
 16219 | Lair:1   | Entered Level 1 of the Lair of Beasts
 16319 | Lair:1   | Learned a level 3 spell: Vampiric Draining
 16325 | Lair:1   | Learned a level 5 spell: Bolt of Draining
 16520 | Lair:1   | Noticed Urug
 16550 | Lair:1   | Killed Urug
 16550 | Lair:1   | Reached skill level 9 in Spellcasting
 16550 | Lair:1   | Reached skill level 1 in Necromancy
 16758 | Lair:1   | Noticed Sonja
 16770 | Lair:1   | Killed Sonja
 16943 | Lair:1   | Reached skill level 5 in Evocations
 17558 | Lair:2   | Reached XP level 12. HP: 88/88 MP: 15/25
 18824 | Lair:3   | Reached skill level 5 in Necromancy
 19584 | Lair:3   | Found a shimmering altar of Xom.
 19656 | Lair:3   | Reached skill level 5 in Stealth
 19773 | Lair:3   | Reached skill level 5 in Invocations
 20087 | Lair:3   | Noticed a seven-headed hydra
 20091 | Lair:3   | Killed a seven-headed hydra
 20268 | Lair:3   | Noticed a six-headed hydra
 20268 | Lair:3   | Noticed a four-headed hydra
 20388 | Lair:3   | Killed a four-headed hydra
 20680 | Lair:3   | Killed a six-headed hydra
 22200 | Lair:3   | Got a pitted scale mail
 22774 | Lair:4   | Gained mutation: You are in touch with the powers of death.
                  | [Mummy growth]
 22774 | Lair:4   | Reached XP level 13. HP: 95/95 MP: 22/26
 23025 | Lair:4   | Found a staircase to the Swamp.
 23522 | Lair:4   | Found a hole to the Spider Nest.
 24462 | Lair:4   | Reached skill level 5 in Dodging
 24892 | Lair:5   | Found a frozen archway.
 25021 | IceCv    | Entered an ice cave
 25079 | Lair:5   | Reached skill level 10 in Necromancy
 25111 | Lair:5   | Identified the cursed +1 scale mail of the Circus Animal
                  | {rCorr} (You found it on level 3 of the Lair of Beasts)
 25412 | Lair:5   | Found a viscous altar of Jiyva.
 25414 | Lair:5   | Found a staircase to the Slime Pits.
 25416 | Lair:5   | Found a viscous altar of Jiyva.
 26926 | D:9      | Killed Erolcha
 26976 | D:10     | Entered Level 10 of the Dungeon
 27849 | D:11     | Reached ****** piety under Makhleb
 28014 | D:11     | Found a gate to the Vaults.
 28014 | D:11     | Noticed an ironheart preserver
 28047 | D:11     | Killed an ironheart preserver
 28047 | D:11     | Reached XP level 14. HP: 106/106 MP: 17/27
 28719 | D:11     | Found Doleekhli's Antique Weapon Emporium.
 29121 | D:11     | Found a staircase to the Orcish Mines.
 29562 | D:12     | Entered Level 12 of the Dungeon
 29682 | D:12     | Found a staircase to the Depths.
 29834 | D:12     | Reached skill level 10 in Spellcasting
 29841 | D:12     | Learned a level 5 spell: Summon Lightning Spire
 29899 | D:12     | Found a white marble altar of Elyvilon.
 30539 | D:12     | Reached skill level 1 in Armour
 30539 | D:12     | Reached skill level 1 in Summonings
 30539 | D:12     | Reached skill level 1 in Air Magic
 30981 | Orc      | Entered the Orcish Mines
 31715 | Orc      | Found a staircase to the Elven Halls.
 32555 | Orc      | Found Vuusch's Antique Armour Boutique.
 32563 | Orc      | Bought a shimmering robe for 188 gold pieces
 32563 | Orc      | Identified the cursed +0 robe of the Dice {rF++ MR- Dex+5}
                  | (You bought it in a shop in the Orcish Mines)
 32564 | Orc      | Identified 2 scrolls of acquirement
 32579 | Orc      | Found a transporter.
 32582 | Orc      | Noticed Goboxel's ghost (journeyman MiFi)
 32689 | Orc      | Found a transporter.
 32770 | Orc      | Found Affex's Assorted Antiques.
 32770 | Orc      | Found Cimof's Magic Scroll Emporium.
 32771 | Orc      | Found Totrae's Magic Scroll Emporium.
 32788 | Orc      | Found Ygrihon's Gadget Shoppe.
 32790 | Orc      | Bought a scroll labeled BOCSUF VIMM for 36 gold pieces
 33380 | Spider:1 | Entered Level 1 of the Spider Nest
 33795 | Spider:1 | HP: 5/108 [wolf spider (4)]
 34417 | Spider:1 | Reached XP level 15. HP: 108/114 MP: 20/29
 36509 | Spider:2 | Identified the ring "Cudwanes" {rPois Str+3} (You acquired
                  | it on level 2 of the Spider Nest)
 36509 | Spider:2 | Identified Sif Muna's Volume of Helpful Darkness (You
                  | acquired it on level 2 of the Spider Nest)
 36514 | Spider:2 | Learned a level 2 spell: Corpse Rot
 36739 | Spider:2 | Got an opalescent robe
 37078 | Spider:2 | Reached skill level 10 in Fighting
 38507 | Swamp:1  | Entered Level 1 of the Swamp
 38507 | Swamp:1  | Noticed Louise
 38507 | Swamp:1  | Noticed a thorn hunter
 38519 | Lair:4   | Killed a thorn hunter
 38830 | Lair:4   | Identified the +1 robe of Happiness {Slay+5} (You found it
                  | on level 2 of the Spider Nest)
 38839 | Swamp:1  | Killed Louise
 38878 | Lair:4   | Reached skill level 11 in Spellcasting
 39345 | Lair:4   | Found a hole to the Spider Nest.
 39441 | Lair:4   | Found a staircase to the Swamp.
 39800 | Swamp:1  | Noticed Donald
 39897 | Swamp:1  | Slain by a spriggan

Skill      XL: |  1  2  3  4  5  6  7  8  9 10 11 12 13 14 15 |
---------------+----------------------------------------------+-----
Fighting       | 1 2 4 6 8 9 10 | 10.0
Spellcasting   | 3 4 5 6 8 9 10 11 | 11.1
Conjurations   | 1 2 4 5 6 7 8 9 |  9.0
Stealth        | 2 3 5 7 |  7.2
Short Blades   | 1 2 |  2.1
Fire Magic     | 3 4 5 6 7 |  7.7
Dodging        | 2 3 4 6 |  6.2
Translocations | 3 |  3.0
Shields        | 4 |  4.2
Evocations     | 1 5 6 7 |  7.0
Invocations    | 3 5 7 |  7.2
Necromancy     | 3 8 10 | 10.5
Armour         | 2 |  2.7
Summonings     | 3 4 |  4.0
Air Magic      | 3 4 |  4.0

Action                   |  1- 3 |  4- 6 |  7- 9 | 10-12 | 13-15 || total
-------------------------+-------+-------+-------+-------+-------++-------
Melee: Dagger            |    25 |       |       |       |       ||    25
       Short sword       |     2 |    59 |   164 |   338 |   621 ||  1184
 Fire: Shortbow          |       |       |    35 |    46 |       ||    81
       Blowgun           |       |       |       |    21 |    24 ||    45
Throw: Stone             |     3 |     2 |    13 |    17 |     4 ||    39
       Tomahawk          |       |       |       |     1 |    18 ||    19
 Cast: Flame Tongue      |    68 |    90 |   191 |   274 |   349 ||   972
       Conjure Flame     |     2 |     2 |    22 |    30 |    26 ||    82
       Sticky Flame      |       |       |    13 |    90 |   147 ||   250
       Blink             |       |       |     2 |    16 |    19 ||    37
       Fireball          |       |       |     1 |    52 |    23 ||    76
       Flaming Arrows    |       |       |       |     6 |     2 ||     8
       Vampiric Draining |       |       |       |    10 |    97 ||   107
       Bolt of Draining  |       |       |       |    19 |   104 ||   123
       Corpse Rot        |       |       |       |       |     1 ||     1
Invok: Minor Destruction |       |       |       |       |     6 ||     6
       Lesser Servant of |       |       |       |       |    10 ||    10
       Greater Servant o |       |       |       |       |     1 ||     1
Evoke: Wand              |       |       |       |     3 |     2 ||     5
  Use: Scroll            |       |     3 |       |    13 |     9 ||    25
 Stab: Sleeping          |     5 |     6 |     2 |     2 |    12 ||    27
       Distracted        |       |       |       |       |     2 ||     2
       Held in net/web   |       |       |       |       |     1 ||     1
Armor: Robe              |    16 |    16 |    45 |    98 |   108 ||   283
       Acid dragon scale |       |       |       |       |   293 ||   293
       Skin              |       |       |       |       |    18 ||    18
Dodge: Dodged            |    35 |    71 |   138 |   253 |   689 ||  1186
Block: Buckler           |       |       |       |    73 |   275 ||   348
